 Dungeon Crawl Stone Soup version 0.16-a0-2652-gd333f3b (console) character file.

293526 nht the Shatterer (level 21, -12/364 HPs)
             Began as an Ogre Berserker on Nov 23, 2014.
             Was the Champion of Trog.
             Mangled by a spriggan rider
             ... wielding a cursed +0 spear
             ... led by the Enchantress
              (16 damage)
             ... on level 1 of the Depths.
             The game lasted 01:17:33 (40010 turns).

nht the Shatterer (Ogre Berserker)                 Turns: 40010, Time: 01:17:33

Health: -12/364    AC: 23    Str: 38    XL:     21   Next: 21%
Magic:  8/20       EV:  8    Int:  6    God:    Trog [******]
Gold:   855        SH:  0    Dex: 11    Spells: 0 memorised, 20 levels left

rFire  . . .     SeeInvis +     a - +5 giant spiked club of Trog's Supremacy {drain, SInv}
rCold  + + +     Clarity  .     m - +2 ice dragon armour
rNeg   . . .     SustAb   .     (shield restricted)
rPois  .         Gourm    .     K - +2 hat "Feuxtily" {rC+ Dex+2}
rElec  +         Spirit   .     X - +2 cloak of the Arcane {rElec MR++}
rCorr  .         Warding  .     (gloves unavailable)
rMut   .         Stasis   .     (boots unavailable)
MR     ++...                    p - amulet of regeneration
Stlth  ..........               T - ring "Potwaick" {+cTele +Fly rC+ Str-4 Slay+5 SInv}
                                e - ring of Cimnoxoe {+Blink rElec rF+}

@: berserking, vulnerable, very slightly contaminated, hasted, very quick, very
resistant to hostile enchantments, extremely unstealthy
A: unfitting armour, beak, spit poison 1, strong 1, tough skin 1
a: Spit Poison, Burn Spellbooks, Berserk, Trog's Hand, Brothers in Arms,
Renounce Religion, Evoke Blink, Evoke Flight, Evoke Teleport Control
}: 1/15 runes: gossamer


You were on level 1 of the Depths.
You worshipped Trog.
Trog was exalted by your worship.
You were not hungry.

You visited 6 branches of the dungeon, and saw 37 of its levels.
You also visited: Ossuary, Volcano and Wizlab.

You collected 3841 gold pieces.
You spent 2986 gold pieces at shops.

Inventory:

Hand weapons
 a - the +5 giant spiked club of Trog's Supremacy (weapon) {drain, SInv}
   (Trog gifted it to you on level 3 of the Vaults)

   A truly terrible weapon, it drains the life of those it strikes.
   It enhances your eyesight.
 l - the +7 giant club of Eternal War {crush, rPois rC++ SInv}
   (Trog gifted it to you on level 4 of the Vaults)

   It inflicts extra damage upon your enemies.
   It greatly protects you from cold.
   It protects you from poison.
   It enhances your eyesight.
Missiles
 n - 44 tomahawks
 o - 9 javelins
 A - 26 tomahawks of dispersal
 C - 18 silver javelins
 I - 12 tomahawks of returning
 L - 54 large rocks
 N - 8 steel javelins (quivered)
 R - 33 javelins of returning
 U - 9 silver tomahawks
 Y - 25 poisoned javelins
Armour
 m - a +2 ice dragon armour (worn)
 K - the +2 hat "Feuxtily" (worn) {rC+ Dex+2}
   (You acquired it on level 9 of the Dungeon)

   It affects your dexterity (+2).
   It protects you from cold.
 X - the +2 cloak of the Arcane (worn) {rElec MR++}
   (You acquired it on level 10 of the Dungeon)

   It insulates you from electricity.
   It affects your resistance to hostile enchantments.
Jewellery
 e - the ring of Cimnoxoe (left hand) {+Blink rElec rF+}
   (You took it off an orc on level 2 of the Orcish Mines)

   [ring of protection from fire]

   It protects you from fire.
   It insulates you from electricity.
   It lets you blink.
 p - an amulet of regeneration (around neck)
 x - the ring "Mofopag" {rN+ MR+ Slay+2}
   (You found it on level 2 of the Orcish Mines)

   [ring of protection from magic]

   It affects your accuracy and damage with ranged weapons and melee attacks
   (+2).
   It protects you from negative energy.
   It affects your resistance to hostile enchantments.
 P - an uncursed ring of poison resistance
 Q - an uncursed ring of teleportation
 T - the ring "Potwaick" (right hand) {+cTele +Fly rC+ Str-4 Slay+5 SInv}
   (You found it on level 8 of the Lair of Beasts)

   [ring of teleport control]

   It can be evoked for teleport control.
   It affects your strength (-4).
   It affects your accuracy and damage with ranged weapons and melee attacks
   (+5).
   It protects you from cold.
   It enhances your eyesight.
   It lets you fly.
Magical devices
 d - a wand of digging (15)
 k - a wand of heal wounds (4)
 q - a wand of disintegration (18)
 s - a wand of hasting (9)
 t - a wand of teleportation (5)
 w - a wand of digging (11)
 B - a wand of disintegration (11)
 W - a wand of paralysis (5)
 Z - a wand of disintegration (13)
Scrolls
 b - 11 scrolls of identify
 i - 8 scrolls of fog
 v - 4 scrolls of enchant weapon
 y - a scroll of enchant armour
 F - 5 scrolls of teleportation
 G - a scroll of brand weapon
 H - a scroll of fear
 M - 4 scrolls of magic mapping
 S - 7 scrolls of remove curse
Potions
 g - 12 potions of curing
 h - 4 potions of cure mutation
 u - 3 potions of resistance
 z - a potion of cancellation
 D - 4 potions of haste
 E - 5 potions of agility
 J - 2 potions of might
 O - 4 potions of restore abilities
Comestibles
 c - 12 meat rations
 j - 14 bread rations


   Skills:
 + Level 21.5 Fighting
 + Level 25.3 Maces & Flails
 + Level 18.5 Throwing
 + Level 13.2 Armour
 - Level 1.7 Dodging


You had 20 spell levels left.
You didn't know any spells.

Dungeon Overview and Level Annotations

Branches:
Dungeon (15/15)            Temple (0/1) D:4            Lair (8/8) D:8
 Shoals (0/5) Lair:6       Spider (5/5) Lair:6        Slime (0/6) Lair:8
    Orc (4/4) D:11            Elf (0/3) Orc:3        Vaults (4/5) D:14
  Crypt (0/3) Vaults:2     Depths (1/5) D:15

Altars:
Cheibriados
Elyvilon
Fedhas
Okawaru
Ru
Sif Muna
Trog
Vehumet
Yredelemnul
Zin
The Shining One
Beogh
Jiyva

Shops:
D:4 %   D:9 !???   D:13 [   D:14 %   Orc:4 }[([   Vaults:3 [%:

Portals:
Hell: Depths:1
Trove: D:14 (show abyssal rune of Zot)

Annotations:
D:12 exclusion: orange crystal statue
Depths:1 the Enchantress


Innate Abilities, Weirdness & Mutations

You are too large for most types of armour.
You have tough skin (AC +1).
You have a beak for a mouth.
You can spit poison.
Your muscles are strong. (Str +2)


Message History

The Enchantress is heavily wounded.
Your stone giant completely misses the spriggan rider.
The spriggan rider hits you but does no damage.
The Enchantress momentarily phases out as your attack passes through her.
Your peck misses the Enchantress.
The Enchantress is heavily wounded.
The Enchantress hits you with a quick blade of distortion!
* * * LOW HITPOINT WARNING * * *
Space bends around you.
* * * LOW HITPOINT WARNING * * *
You hear a shout!
Your stone giant misses the spriggan rider.
The Enchantress blocks your attack.
The Enchantress is heavily wounded.
The Enchantress hits you with a quick blade of distortion!
* * * LOW HITPOINT WARNING * * *
Space warps horribly around you!
* * * LOW HITPOINT WARNING * * *
The spriggan rider hits you from afar with a spear!
You die... ... .. .. .. . ... █+█ . █ █...██.████.. █ ............$.. ████

..............) █████...
............... █...'...
█..............█...█...
.. █@█ +█ ████...████
█...██i██.███.........█
█....)ii....█...█.█...+
+...(C(..∩..█.........█
█...(.(....██+██...████
█)....(....█...█^..█
..██..........█...█...█
..........)..███...██'██
.................█....█
...████'████§...███...█
... █+....█....█


You could see the Enchantress (invisible), a spriggan rider, a spriggan and a
friendly stone giant (berserk).

Vanquished Creatures
  Mara (Vaults:4)
  Arachne (Spider:2)
  A lich (Vaults:4)
  A Hell Sentinel (Lair:8)
  Asterion (Spider:3)
  2 tengu reavers (Vaults:4)
  Rupert (Spider:5)
  Agnes (Spider:2)
  Kirke (Spider:2)
  4 draconian monks (WizLab)
  A fire giant (D:15)
  A frost giant (Vaults:3)
  A ghost moth (Spider:5)
  Aizul (Vaults:1)
  An orc warlord (Vaults:4)
  4 emperor scorpions
  5 vault wardens
  A war gargoyle (Vaults:4)
  2 very ugly things
  2 spriggan defenders (Depths:1)
  A vampire knight (Vaults:2)
  5 stone giants
  3 rakshasas (Vaults:1)
  2 deep elf annihilators
  Snorg (Spider:5)
  4 vault guards
  A fire dragon (Vaults:4)
  An orange crystal statue (WizLab)
  A crystal guardian (Vaults:3)
  2 ettins
  6 yaktaur captains
  2 great orbs of eyes
  13 ironheart preservers
  9 hydras
  7 ogre magi
  2 ice dragons (Vaults:2)
  6 monstrous demonspawn (WizLab)
  A spriggan air mage (Depths:1)
  6 centaur warriors
  2 tengu warriors (D:14)
  4 death yaks (Lair:8)
  A dancing weapon (Vaults:2)
  A spriggan berserker (Depths:1)
  Urug (Spider:1)
  A shadow wraith (Vaults:3)
  4 catoblepae
  36 slime creatures
  Erolcha (Orc:4)
  3 fire crabs
  5 deep trolls
  5 unseen horrors
  4 skeletal warriors
  2 deep elf knights
  2 flayed ghosts
  4 harpies (Vaults:1)
  A deep elf summoner (Vaults:3)
  16 orc knights
  A wizard (D:14)
  12 orb spiders
  3 deep elf conjurers
  2 necromancers
  A tengu skeleton (Vaults:4)
  4 hill giants
  6 griffons
  50 ugly things
  14 ironbrand convokers
  6 cyclopes
  A red wasp (shapeshifter) (Vaults:2)
  2 human zombies
  A stone giant zombie (Vaults:4)
  2 red wasps
  4 orc sorcerers
  31 wolf spiders
  A moth of wrath (Spider:5)
  A manticore (D:14)
  A cyclops (shapeshifter) (Vaults:3)
  A siren (Lair:6)
  6 vault sentinels
  A molten gargoyle (Orc:4)
  A fire giant skeleton (Vaults:3)
  A gargoyle (D:11)
  11 elephants
  7 black mambas
  12 spiny frogs
  A torpor snail (Spider:5)
  The ghost of Gorice the Slasher, an experienced DsWn (D:5)
  Psyche (D:8)
  35 yaktaurs
  2 spiny frogs (shapeshifter)
  4 fire drakes
  4 kobold demonologists (Vaults:3)
  8 komodo dragons
  2 tengu conjurers (D:14)
  14 two-headed ogres
  8 demonic crawlers
  A spriggan druid (Lair:8)
  A komodo dragon (shapeshifter) (Vaults:2)
  5 freezing wraiths
  A merfolk (Lair:6)
  A hellwing (Vaults:3)
  A jumping spider (shapeshifter) (Vaults:2)
  A queen bee (Lair:7)
  3 deep elf priests
  Grinder (D:6)
  Prince Ribbit (D:6)
  A shadow dragon simulacrum (Vaults:3)
  4 trolls
  3 polar bears
  7 boulder beetles
  13 blink frogs
  10 ravens (D:14)
  8 basilisks
  3 vampires (Vaults:2)
  A raiju (shapeshifter) (Vaults:4)
  2 stone giant simulacra
  A trapdoor spider zombie (D:14)
  An ettin zombie (Vaults:3)
  36 jumping spiders
  25 tarantellas
  30 trapdoor spiders
  48 redbacks
  3 wraiths
  6 wyverns
  A shadow (D:12)
  A human (D:7)
  7 deep elf magi
  3 hogs
  Eustachio (D:6)
  2 fire bats (Volcano)
  46 yaks
  2 hungry ghosts (D:13)
  18 hippogriffs
  12 deep elf fighters
  A chaos spawn (Vaults:3)
  11 wargs
  6 wolves (Lair:5)
  Menkaure (D:4)
  A soldier ant (D:11)
  The ghost of RobertPalmer the Chiller, an average OpIE (Ossuary)
  7 porcupines
  15 vampire mosquitoes
  17 water moccasins
  2 mottled dragons
  30 spiders
  5 phantoms
  55 orc warriors
  A hell hound (Volcano)
  A sky beast (shapeshifter) (Vaults:3)
  6 boggarts
  6 black bears
  An eye of draining (shapeshifter) (Vaults:1)
  3 sky beasts
  32 ogres
  A necrophage (D:14)
  21 crocodiles
  3 yellow wasps
  An eye of draining (D:10)
  A boring beetle (Lair:8)
  6 big kobolds
  2 ice beasts
  Sigmund (D:2)
  Duvessa (D:6)
  12 centaurs
  2 yaktaur zombies (Vaults:3)
  3 scorpions
  A brain worm (Vaults:1)
  19 giant frogs
  23 killer bees
  2 quasits
  7 crimson imps
  4 electric eels
  2 goliath beetles
  Dowan (D:6)
  An elf zombie (Vaults:3)
  40 orc priests
  3 centaur zombies
  A human simulacrum (Vaults:3)
  A jelly (D:10)
  8 centaur skeletons
  A giant frog zombie (D:7)
  10 hounds
  36 orc wizards
  7 iguanas
  15 worker ants
  An ogre zombie (Vaults:3)
  16 sheep
  Jessica (D:2)
  5 mummies
  A hound skeleton (D:6)
  A worker ant zombie (D:11)
  36 river rats
  19 adders
  A giant mite (D:4)
  4 shadow imps
  A white imp (Vaults:1)
  2 worms
  3 oozes
  240 orcs
  13 bats
  A bat skeleton (D:4)
  3 giant cockroaches
  3 gnoll zombies (Ossuary)
  18 hobgoblins
  8 jackals
  12 quokkas
  A ball python (D:7)
  7 giant geckos
  7 giant newts
  A giant spore (D:11)
  4 gnoll skeletons (Ossuary)
  18 goblins
  3 goblin zombies (Ossuary)
  3 hobgoblin skeletons (Ossuary)
  2 hobgoblin zombies (Ossuary)
  A jackal zombie (D:7)
  40 kobolds
  5 kobold skeletons (Ossuary)
  5 kobold zombies (Ossuary)
  2 orc skeletons (Ossuary)
  3 orc zombies (Ossuary)
  16 rats
  3 rat skeletons (Ossuary)
  A rat zombie (Ossuary)
  A ballistomycete (D:15)
  A butterfly (Lair:8)
  2 crawling corpses (Vaults:4)
  4 fungi
  6 plants
1736 creatures vanquished.

Vanquished Creatures (collateral kills)
  Saint Roka (Vaults:1)
  A draconian monk (WizLab)
  Wiglaf (Spider:2)
  2 emperor scorpions
  A spriggan defender (Depths:1)
  A hydra (Lair:1)
  2 monstrous demonspawn (WizLab)
  4 death yaks (Lair:8)
  3 deep trolls
  An ironbrand convoker (Vaults:1)
  3 orb spiders
  2 wolf spiders (Spider:5)
  8 orc knights
  A demonic crawler (Spider:2)
  2 komodo dragons
  6 jumping spiders
  2 blink frogs (Lair:6)
  A two-headed ogre (Orc:2)
  A tarantella (Spider:5)
  2 trapdoor spiders (Spider:5)
  4 redbacks
  A spriggan (Depths:1)
  7 yaks
  2 deep elf fighters (Vaults:1)
  A warg (Orc:4)
  16 orc warriors
  2 spiders
  2 ogres (Orc:2)
  A boring beetle (Lair:7)
  A hound (Lair:4)
  2 orc priests
  2 orc wizards (Orc:3)
  17 orcs
  A quokka (Lair:4)
104 creatures vanquished.

Vanquished Creatures (others)
  An iron troll (WizLab)
  A hill giant (Spider:5)
  3 trolls
  A two-headed ogre (WizLab)
  A human (Spider:2)
  6 ogres
  A scorpion (Spider:2)
  2 giant spores
  A gnoll skeleton (Ossuary)
  3 goblin skeletons (Ossuary)
  A goblin zombie (Ossuary)
  2 hobgoblin zombies (Ossuary)
  2 kobold skeletons (Ossuary)
  2 kobold zombies (Ossuary)
  An orc skeleton (Ossuary)
  An orc zombie (Ossuary)
  A rat skeleton (Ossuary)
  2 rat zombies (Ossuary)
  6 fungi
  4 plants
42 creatures vanquished.

Grand Total: 1882 creatures vanquished

Notes
Turn   | Place    | Note
--------------------------------------------------------------
     0 | D:1      | nht, the Ogre Berserker, began the quest for the Orb.
     0 | D:1      | Reached XP level 1. HP: 24/24 MP: 1/1
   198 | D:1      | Reached XP level 2. HP: 29/32 MP: 2/2
   410 | D:1      | Reached skill level 5 in Maces & Flails
   713 | D:2      | Noticed Sigmund
   722 | D:2      | Killed Sigmund
   722 | D:2      | Acquired Trog's second power
   722 | D:2      | Reached skill level 6 in Maces & Flails
   722 | D:2      | Reached XP level 3. HP: 10/39 MP: 3/3
   722 | D:2      | Reached XP level 4. HP: 12/48 MP: 4/4
   748 | D:2      | Gained mutation: You have a beak for a mouth. [potion of beneficial mutation]
   809 | D:2      | Noticed Jessica
   814 | D:2      | Killed Jessica
   814 | D:2      | Reached skill level 7 in Maces & Flails
   818 | D:2      | Reached XP level 5. HP: 38/54 MP: 5/5
   847 | D:2      | Found a deep blue altar of Sif Muna.
  1058 | D:2      | Found a glowing silver altar of Zin.
  1059 | D:2      | Found a glowing golden altar of the Shining One.
  1060 | D:2      | Found a white marble altar of Elyvilon.
  1332 | D:3      | Found a bloodstained altar of Trog.
  1460 | D:3      | Reached skill level 8 in Maces & Flails
  1462 | D:3      | Reached XP level 6. HP: 62/62 MP: 6/6
  2034 | D:4      | Reached skill level 9 in Maces & Flails
  2062 | D:4      | Noticed Menkaure
  2086 | D:4      | Killed Menkaure
  2143 | D:4      | Reached skill level 10 in Maces & Flails
  2143 | D:4      | Reached XP level 7. HP: 70/70 MP: 7/7
  2232 | D:4      | Found a staircase to the Ecumenical Temple.
  2468 | D:4      | Found Taim's Food Shop.
  2508 | D:4      | Reached skill level 1 in Throwing
  2663 | D:5      | Entered Level 5 of the Dungeon
  2696 | D:5      | Acquired Trog's third power
  2734 | D:5      | Reached skill level 10 in Fighting
  2734 | D:5      | Reached skill level 13 in Maces & Flails
  2734 | D:5      | Reached XP level 8. HP: 76/93 MP: 8/8
  3097 | D:5      | Noticed Gorice's ghost (experienced DsWn)
  3274 | D:5      | Reached XP level 9. HP: 101/101 MP: 9/9
  3460 | D:5      | Killed Gorice's ghost
  3511 | D:6      | Noticed Eustachio
  3520 | D:6      | Killed Eustachio
  3585 | D:6      | Noticed Dowan
  3586 | D:6      | Noticed Duvessa
  3593 | D:6      | Killed Dowan
  3595 | D:6      | Killed Duvessa
  3599 | D:6      | Received a gift from Trog
  3753 | D:6      | Got a jewelled mace
  3754 | D:6      | Identified the +7 mace "Ogre's Bane" {crush, Dex+2} (You found it on level 6 of the Dungeon)
  3794 | D:6      | Reached skill level 14 in Maces & Flails
  3796 | D:6      | Noticed Prince Ribbit
  3806 | D:6      | Killed Prince Ribbit
  3922 | D:6      | Found a radiant altar of Vehumet.
  4335 | D:6      | Noticed Grinder
  4350 | D:6      | Killed Grinder
  4546 | D:7      | Reached XP level 10. HP: 85/111 MP: 10/10
  4725 | D:7      | Found a snail-covered altar of Cheibriados.
  4820 | D:7      | Received a gift from Trog
  4835 | D:7      | Found a sand-covered staircase.
  4840 | Ossuary  | Entered an ossuary
  5038 | Ossuary  | Noticed RobertPalmer's ghost (average OpIE)
  5040 | Ossuary  | Killed RobertPalmer's ghost
  5485 | D:8      | Found a staircase to the Lair.
  5503 | D:8      | Reached skill level 10 in Throwing
  5509 | D:8      | Reached skill level 15 in Maces & Flails
  6192 | D:8      | Noticed Psyche
  6202 | D:8      | Killed Psyche
  6318 | Lair:1   | Entered Level 1 of the Lair of Beasts
  6363 | Lair:1   | Noticed a five-headed hydra
  6373 | Lair:1   | Killed a five-headed hydra
  6386 | Lair:1   | Reached XP level 11. HP: 71/122 MP: 3/11
  7112 | Lair:2   | Received a gift from Trog
  7136 | Lair:2   | Reached skill level 16 in Maces & Flails
  7925 | Lair:3   | Received a gift from Trog
  8362 | Lair:3   | Reached skill level 17 in Maces & Flails
  8443 | Lair:3   | Reached XP level 12. HP: 82/133 MP: 4/12
  8623 | Lair:3   | Noticed a five-headed hydra
  8626 | Lair:3   | Killed a five-headed hydra
  8952 | Lair:4   | Found a dark tunnel.
  8985 | Lair:4   | Received a gift from Trog
  9012 | Volcano  | Entered a volcano
  9056 | Volcano  | HP: 8/199 [two-headed ogre/giant club of flaming (4)]
  9560 | Lair:4   | Noticed a six-headed hydra
  9792 | Lair:4   | Killed a seven-headed hydra
 10223 | Lair:4   | Noticed a five-headed hydra
 10356 | Lair:4   | Reached skill level 18 in Maces & Flails
 10532 | Lair:4   | Reached XP level 13. HP: 144/144 MP: 4/13
 10554 | Lair:4   | Killed a five-headed hydra
 10589 | Lair:4   | Reached skill level 5 in Armour
 11215 | Lair:5   | Received a gift from Trog
 12221 | Lair:6   | Reached skill level 19 in Maces & Flails
 12837 | Lair:6   | Found a staircase to the Shoals.
 13134 | Lair:6   | Found a hole to the Spider Nest.
 13450 | Lair:7   | Got an ichor-stained mace
 13451 | Lair:7   | Identified the cursed -1 mace "Ukhlilu" {crush, rF+ rN+} (You found it on level 7 of the Lair of Beasts)
 13529 | Lair:7   | Received a gift from Trog
 13981 | Lair:7   | Reached XP level 14. HP: 151/157 MP: 4/14
 14211 | Lair:8   | Entered Level 8 of the Lair of Beasts
 14257 | Lair:7   | Received a gift from Trog
 14620 | Lair:8   | Received a gift from Trog
 14621 | Lair:8   | Got a jewelled quick blade {god gift}
 14751 | Lair:8   | Reached skill level 15 in Fighting
 14896 | Lair:8   | Noticed a Hell Sentinel
 14905 | Lair:8   | Killed a Hell Sentinel
 15063 | Lair:8   | Reached skill level 20 in Maces & Flails
 15436 | Lair:8   | Found a viscous altar of Jiyva.
 15436 | Lair:8   | Found a staircase to the Slime Pits.
 15581 | Lair:8   | Received a gift from Trog
 15628 | Lair:8   | Identified the +2 quick blade "Zoto" {drain, rC+ Dex-2} (Trog gifted it to you on level 8 of the Lair of Beasts)
 16181 | Lair:8   | Got a bound marble ring
 16183 | Lair:8   | Got a wavering ivory ring
 16185 | Lair:8   | Identified the ring "Qaobb" {+Inv rElec MP+9} (You found it on level 8 of the Lair of Beasts)
 16400 | Lair:7   | Received a gift from Trog
 16771 | D:9      | Found Kaveuk's Magic Scroll Shoppe.
 16788 | D:9      | Bought a scroll of magic mapping for 38 gold pieces
 16788 | D:9      | Bought a scroll of identify for 22 gold pieces
 16789 | D:9      | Identified the ring "Potwaick" {+cTele +Fly rC+ Str-4 Slay+5 SInv} (You found it on level 8 of the Lair of Beasts)
 16857 | D:9      | Received a gift from Trog
 16870 | D:9      | Got a steaming arbalest {god gift}
 16871 | D:9      | Identified the +4 arbalest of Eternal Vigilance {penet, Int+2 Dex-3} (Trog gifted it to you on level 9 of the Dungeon)
 16984 | D:9      | Found Kimuitos' Distillery.
 16989 | D:9      | Bought 2 potions of decay for 22 gold pieces
 16991 | D:9      | Bought a potion of heal wounds for 55 gold pieces
 16991 | D:9      | Bought a potion of heal wounds for 55 gold pieces
 16992 | D:9      | Bought a potion of agility for 44 gold pieces
 17303 | D:9      | Found Twaunn's Magic Scroll Boutique.
 17318 | D:9      | Bought a scroll of teleportation for 48 gold pieces
 17318 | D:9      | Bought a scroll of teleportation for 48 gold pieces
 17318 | D:9      | Bought a scroll of blinking for 120 gold pieces
 17319 | D:9      | Bought a scroll of identify for 32 gold pieces
 17487 | D:9      | Found Pluaqabla's Magic Scroll Emporium.
 17492 | D:9      | Bought a scroll of identify for 30 gold pieces
 17492 | D:9      | Bought a scroll of identify for 30 gold pieces
 17492 | D:9      | Bought a scroll of identify for 30 gold pieces
 17492 | D:9      | Bought a scroll of identify for 30 gold pieces
 17492 | D:9      | Bought a scroll of teleportation for 45 gold pieces
 17492 | D:9      | Bought a scroll of teleportation for 45 gold pieces
 17757 | D:10     | Entered Level 10 of the Dungeon
 17819 | D:10     | Found a basalt altar of Yredelemnul.
 17861 | D:10     | Found an iron altar of Okawaru.
 17893 | D:10     | Identified a scroll of acquirement
 17894 | D:10     | Got a scorched cloak
 17900 | D:10     | Identified the +2 cloak of the Arcane {rElec MR++} (You acquired it on level 10 of the Dungeon)
 18379 | D:10     | Gained mutation: You can spit poison. [potion of beneficial mutation]
 18544 | D:10     | Found a glowing golden altar of the Shining One.
 18601 | D:11     | Received a gift from Trog
 18740 | D:11     | Found a staircase to the Orcish Mines.
 19377 | D:12     | Found a blossoming altar of Fedhas.
 19429 | D:12     | Reached XP level 15. HP: 154/169 MP: 5/15
 19451 | D:12     | Got a bound brass ring
 19493 | D:12     | Identified the ring "Naaph" {rC+ EV+1} (You found it on level 12 of the Dungeon)
 20040 | D:13     | Found Etuod's Armour Boutique.
 20050 | D:13     | Bought a +0 hat for 68 gold pieces
 20902 | Orc:1    | Entered Level 1 of the Orcish Mines
 20924 | Orc:1    | Received a gift from Trog
 20957 | Orc:1    | Received a gift from Trog
 21038 | Orc:1    | Reached skill level 21 in Maces & Flails
 21268 | Orc:1    | Received a gift from Trog
 21520 | Orc:1    | Received a gift from Trog
 21534 | Orc:1    | Found a roughly hewn altar of Beogh.
 21908 | Orc:2    | Received a gift from Trog
 21954 | Orc:2    | Got a pitted ivory ring
 21955 | Orc:2    | Identified the ring of Cimnoxoe {+Blink rElec rF+} (You took it off an orc on level 2 of the Orcish Mines)
 21969 | Orc:2    | Got an ancient giant club {god gift}
 21970 | Orc:2    | Identified the +4 giant club of Agony {crush, rC+ SInv} (Trog gifted it to you on level 2 of the Orcish Mines)
 22054 | Orc:2    | Found a roughly hewn altar of Beogh.
 22130 | Orc:2    | Got a transparent brass ring
 22131 | Orc:2    | Identified the ring "Mofopag" {rN+ MR+ Slay+2} (You found it on level 2 of the Orcish Mines)
 22397 | Orc:3    | Received a gift from Trog
 22504 | Orc:3    | Found a staircase to the Elven Halls.
 22523 | Orc:3    | Received a gift from Trog
 22774 | Orc:4    | Entered Level 4 of the Orcish Mines
 22787 | Orc:4    | Received a gift from Trog
 22828 | Orc:4    | Noticed Erolcha
 22836 | Orc:4    | Killed Erolcha
 22872 | Orc:4    | Received a gift from Trog
 22959 | Orc:4    | Found a roughly hewn altar of Beogh.
 23350 | Orc:4    | Received a gift from Trog
 23533 | Orc:4    | Found Cleruex's Armour Emporium.
 23561 | Orc:4    | Found Psar Clywomn's Gadget Boutique.
 23629 | Orc:4    | Found Graf's Antique Weapon Boutique.
 23730 | Orc:4    | Found Faifaoha's Antique Armour Emporium.
 23818 | Orc:4    | Received a gift from Trog
 24143 | Orc:4    | Bought a +2 ice dragon armour for 1080 gold pieces
 24550 | D:14     | Received a gift from Trog
 24713 | D:14     | Found Qepamuask's Food Boutique.
 24749 | D:14     | Found a portal to a secret trove of treasure.
 24846 | D:14     | Received a gift from Trog
 24892 | D:14     | Found a gate to the Vaults.
 24932 | D:14     | Received a gift from Trog
 25091 | D:14     | Received a gift from Trog
 25103 | D:14     | Reached skill level 22 in Maces & Flails
 25365 | D:15     | Entered Level 15 of the Dungeon
 25401 | D:15     | Reached XP level 16. HP: 141/182 MP: 5/16
 25421 | D:15     | Received a gift from Trog
 25530 | D:15     | Found a staircase to the Depths.
 25531 | D:15     | Noticed a fire giant
 25541 | D:15     | Killed a fire giant
 25714 | D:15     | Found a sacrificial altar of Ru.
 26751 | Spider:1 | Entered Level 1 of the Spider Nest
 26781 | Spider:1 | Received a gift from Trog
 26900 | Spider:1 | Reached skill level 15 in Throwing
 27002 | Spider:1 | Noticed Urug
 27015 | Spider:1 | Killed Urug
 27059 | Spider:1 | Received a gift from Trog
 27208 | Spider:1 | Received a gift from Trog
 27951 | Spider:2 | Noticed Arachne
 27969 | Spider:2 | Killed Arachne
 28297 | Spider:2 | Noticed Kirke
 28306 | Spider:2 | Killed Kirke
 28686 | Spider:2 | Noticed Agnes
 28696 | Spider:2 | Killed Agnes
 29047 | Spider:3 | Noticed Wiglaf
 29059 | Spider:2 | Killed Wiglaf
 29172 | Spider:3 | Received a gift from Trog
 29228 | Spider:3 | Reached XP level 17. HP: 193/193 MP: 11/17
 29260 | Spider:3 | Noticed Asterion
 29268 | Spider:3 | Killed Asterion
 29439 | Spider:3 | Received a gift from Trog
 29796 | Spider:4 | Reached skill level 10 in Armour
 30307 | Spider:5 | Entered Level 5 of the Spider Nest
 30307 | Spider:5 | Noticed Rupert
 30314 | Spider:5 | Killed Rupert
 30370 | Spider:5 | Noticed Snorg
 30381 | Spider:5 | Killed Snorg
 30381 | Spider:5 | Received a gift from Trog
 30501 | Spider:5 | Received a gift from Trog
 30540 | Spider:5 | Reached skill level 23 in Maces & Flails
 30599 | Spider:5 | Got a faintly glowing cloak
 30610 | Spider:5 | Identified the +1 cloak of Patience {Str+1 Curse} (You acquired it on level 5 of the Spider Nest)
 31452 | Spider:5 | Received a gift from Trog
 31575 | Spider:5 | Received a gift from Trog
 31621 | Spider:5 | Got a gossamer rune of Zot
 31834 | Spider:5 | Received a gift from Trog
 32616 | Vaults:1 | Entered Level 1 of the Vaults
 32775 | Vaults:1 | Noticed Saint Roka
 32794 | Vaults:1 | Received a gift from Trog
 32804 | Vaults:1 | Killed Saint Roka
 32817 | Vaults:1 | Reached XP level 18. HP: 49/208 MP: 18/18
 32879 | Vaults:1 | Noticed Aizul
 32898 | Vaults:1 | Killed Aizul
 33006 | Vaults:1 | Found a magical portal.
 33028 | WizLab   | Entered Wucad Mu's Monastery
 33089 | WizLab   | HP: 13/312 [grey draconian monk[old memories] (9)]
 33331 | WizLab   | HP: 8/208 [grey draconian monk[old memories] (5)]
 33333 | WizLab   | HP: 1/208 [grey draconian monk[old memories] (10)]
 33723 | WizLab   | Reached XP level 19. HP: 217/217 MP: 18/18
 33742 | WizLab   | Gained mutation: Your muscles are strong. (Str +2) [potion of beneficial mutation]
 34315 | Vaults:1 | Received a gift from Trog
 34378 | Vaults:1 | Received a gift from Trog
 34560 | Vaults:1 | Received a gift from Trog
 34793 | Vaults:2 | Reached skill level 24 in Maces & Flails
 34882 | Vaults:2 | Received a gift from Trog
 35152 | Vaults:2 | Received a gift from Trog
 35206 | Vaults:2 | Found a staircase to the Crypt.
 35394 | Vaults:2 | Found Runor's Food Boutique.
 35603 | Vaults:2 | Found a white marble altar of Elyvilon.
 35719 | Vaults:2 | Received a gift from Trog
 35859 | Vaults:2 | Received a gift from Trog
 36116 | Vaults:3 | Reached XP level 20. HP: 197/230 MP: 19/19
 36314 | Vaults:3 | Found Saza's Book Emporium.
 36346 | Vaults:3 | Received a gift from Trog
 36749 | Vaults:3 | Received a gift from Trog
 36812 | Vaults:3 | Found Omapp's Food Shop.
 37155 | Vaults:3 | Found Moquefim's Armour Shoppe.
 37878 | Vaults:4 | Noticed Mara
 37882 | Vaults:4 | Noticed nht's illusion
 37883 | Vaults:4 | Killed Mara
 37934 | Vaults:4 | Received a gift from Trog
 37986 | Vaults:4 | Reached skill level 25 in Maces & Flails
 38058 | Vaults:4 | Received a gift from Trog
 38314 | Vaults:4 | Received a gift from Trog
 38471 | Vaults:3 | Got an encrusted giant spiked club {god gift}
 38472 | Vaults:3 | Identified the +5 giant spiked club of Trog's Supremacy {drain, SInv} (Trog gifted it to you on level 3 of the Vaults)
 38598 | Vaults:4 | Received a gift from Trog
 38600 | Vaults:4 | Got a slimy giant club {god gift}
 38601 | Vaults:4 | Identified the +7 giant club of Eternal War {crush, rPois rC++ SInv} (Trog gifted it to you on level 4 of the Vaults)
 38664 | Vaults:4 | Reached XP level 21. HP: 92/241 MP: 20/20
 39133 | Vaults:4 | Received a gift from Trog
 39651 | D:9      | Bought a scroll of acquirement for 572 gold pieces
 39651 | D:9      | Bought a scroll of acquirement for 572 gold pieces
 39665 | D:9      | Got a scorched hat
 39671 | D:9      | Identified the +2 hat "Feuxtily" {rC+ Dex+2} (You acquired it on level 9 of the Dungeon)
 39885 | Depths:1 | Entered Level 1 of the Depths
 39914 | Depths:1 | Received a gift from Trog
 39961 | Depths:1 | Found a gateway to Hell.
 39968 | Depths:1 | Noticed the Enchantress
 40010 | Depths:1 | HP: 4/364 [the Enchantress/quick blade of distortion (15)]
 40010 | Depths:1 | Mangled by a spriggan rider

Action                   |  1- 3 |  4- 6 |  7- 9 | 10-12 | 13-15 | 16-18 | 19-21 || total
-------------------------+-------+-------+-------+-------+-------+-------+-------++-------
Melee: Mace              |    46 |    68 |    64 |    27 |       |       |       ||   205
       Whip              |       |    56 |   141 |       |       |       |       ||   197
       Flail             |       |       |    22 |       |       |       |       ||    22
       Dire flail        |       |       |       |   450 |    49 |       |       ||   499
       Great mace        |       |       |       |       |  1172 |   751 |   384 ||  2307
       Giant spiked club |       |       |       |       |       |       |    48 ||    48
Throw: Tomahawk          |       |       |    16 |   111 |   223 |   314 |       ||   664
       Javelin           |       |       |    16 |    77 |   162 |       |    14 ||   269
       Large rock        |       |       |       |       |       |     7 |   634 ||   641
Invok: Berserk           |     1 |     8 |     9 |     6 |    10 |     6 |     2 ||    42
       Burn Spellbooks   |       |       |     2 |     1 |     4 |     2 |     3 ||    12
       Brothers in Arms  |       |       |       |     6 |    11 |    13 |     2 ||    32
       Trog's Hand       |       |       |       |     2 |     8 |    10 |       ||    20
Evoke: Wand              |       |       |     9 |     1 |     1 |     3 |     2 ||    16
  Use: Scroll            |       |    10 |     3 |    13 |    22 |    16 |     4 ||    68
       Potion            |       |     6 |     1 |     1 |     3 |    10 |     2 ||    23
 Stab: Sleeping          |       |       |       |       |     2 |       |       ||     2
       Distracted        |       |       |       |       |       |     3 |       ||     3
  Eat: Chunk             |       |    12 |    17 |    26 |    55 |     3 |     6 ||   119
       Beef jerky        |       |       |     1 |     2 |     2 |     4 |       ||     9
       Fruit             |       |       |       |     5 |    20 |     5 |     4 ||    34
       Pizza             |       |       |       |       |       |    11 |       ||    11
       Bread ration      |       |       |       |       |       |     4 |     5 ||     9
